 Dungeon Crawl Stone Soup version 0.21-b1-21-g86478ac (webtiles) character file.

168 oplop the Vexing (level 5, -3/24 HPs)
             Began as a Vine Stalker Enchanter on Jan 5, 2018.
             Slain by a bullfrog (5 damage)
             ... on level 7 of the Dungeon.
             The game lasted 00:06:17 (2015 turns).

oplop the Vexing (Vine Stalker Enchanter)           Turns: 2015, Time: 00:06:17

Health: -3/24      AC:  3    Str: 10    XL:     5   Next: 49%
Magic:  0/12       EV: 12    Int: 15    God:
Gold:   96         SH:  0    Dex: 16    Spells: 9/12 levels left

rFire    . . .     SeeInvis +   a - +2 dagger
rCold    . . .     Gourm    .   (no shield)
rNeg     . . .     Faith    .   b - +1 robe
rPois    .         Spirit   +   (no helmet)
rElec    .         Reflect  .   (no cloak)
rCorr    .         Harm     .   (no gloves)
MR       .....                  (no boots)
Stlth    ++........             (no amulet)
HPRegen  0.48/turn              f - ring of see invisible
MPRegen  0.13/turn              j - ring of loudness

@: no status effects
A: fangs 2, regeneration 1, magic shield, antimagic bite, no potion heal 3, rot
immunity
a: no special abilities


You were on level 7 of the Dungeon.
You were hungry.

You visited 1 branch of the dungeon, and saw 6 of its levels.

You collected 96 gold pieces.

Inventory:

Hand Weapons
 a - a +2 dagger (weapon)
Armour
 b - a +1 robe (worn)
Jewellery
 f - a ring of see invisible (left hand)
 j - a ring of loudness (right hand)
Wands
 m - a wand of acid (11)
Scrolls
 h - a scroll of random uselessness
 n - 4 scrolls of identify
 o - a scroll of enchant armour
Potions
 e - 3 potions of curing
 g - 2 potions of flight
 i - a potion of invisibility {unknown}
 k - a potion of might {unknown}
 l - a potion of berserk rage {unknown}
Books
 c - a book of Maledictions

   Spells                             Type                      Level
   a - Corona                         Hexes                        1
   b - Ensorcelled Hibernation        Hexes/Ice                    2
   c - Confuse                        Hexes                        3
   d - Tukima's Dance                 Hexes                        3
   e - Dazzling Spray                 Conjuration/Hexes            3
Comestibles
 d - 5 rations
 r - a chunk of flesh


   Skills:
 - Level 0.8 Short Blades
 - Level 1.5 Dodging
 - Level 3.6 Stealth
 + Level 4.2 Spellcasting
 + Level 4.7 Hexes


You had 9 spell levels left.
You knew the following spells:

 Your Spells              Type           Power        Failure   Level  Hunger
a - Corona                Hex            ###....      2%          1    None
b - Ensorcelled Hibernat  Hex/Ice        ##....       10%         2    ##.....


Dungeon Overview and Level Annotations

Branches:
Dungeon (7/15)
 Temple: D:4-7

Altars:
Ashenzari
Kikubaaqudgha
Qazlal
Wu Jian

Annotations:
D:6 Agrougrou's ghost, novice GnSk; Pikel


Innate Abilities, Weirdness & Mutations

You have extremely sharp teeth.
Your natural rate of healing is unusually fast.
When hurt, damage is shared between your health and your magic reserves.
Your bite disrupts and absorbs the magic of your enemies.
Potions cannot restore your health.
You are immune to rotting.


Message History

The bullfrog hits you.
* * * LOW HITPOINT WARNING * * *
Found a long sword.
Found a stone staircase leading down.
The bullfrog misses you.
You see here a ring mail.
The bullfrog closely misses you.
Agrougrou's ghost turns its malevolent gaze towards you.
The bullfrog hits you.
* * * LOW HITPOINT WARNING * * *
The bullfrog barely misses you.
There is a stone staircase leading down here.
The bullfrog hits you!
* * * LOW HITPOINT WARNING * * *
The worker ant waves its antennae.
The hound zombie bites you but does no damage.
You climb downwards.
There is a stone staircase leading up here.
Unknown command.
The bullfrog barely misses you. The bullfrog hits you.
You die...

#.
#.
#.
#.
#.
#.
#.##
#F<#
##@#
#.#
#.#
#.#
#.#
#.#
#.#
#.#


You could see a bullfrog.

Vanquished Creatures
  An ogre (D:5)
  2 adders
  2 dart slugs
  6 leopard geckos
  4 bats
  3 giant cockroaches
  6 goblins
  9 hobgoblins
  2 kobolds
  A quokka (D:5)
  3 ball pythons
  3 frilled lizards
  10 rats
52 creatures vanquished.

Notes
Turn   | Place    | Note
-------+----------+-------------------------------------------
     0 | D:1      | oplop the Vine Stalker Enchanter began the quest for the Orb.
     0 | D:1      | Reached XP level 1. HP: 9/9 MP: 4/4
     0 | D:1      | oplop: !stalk
     0 | D:1      | beem: oplop the L1 VSEn^ in D:1 (cxc tiles), T:0, defenses: 2/12/0, stats: 10/15/14
   136 | D:1      | Reached XP level 2. HP: 8/13 MP: 1/6
   186 | D:1      | Learned a level 2 spell: Ensorcelled Hibernation
   714 | D:1      | Reached XP level 3. HP: 16/16 MP: 8/8
   957 | D:2      | Found an ancient bone altar of Kikubaaqudgha.
  1080 | D:2      | Found a stormy altar of Qazlal.
  1193 | D:2      | Found a shattered altar of Ashenzari.
  1313 | D:2      | Gained mutation: Your natural rate of healing is unusually fast. [Vine Stalker growth]
  1313 | D:2      | Reached XP level 4. HP: 16/21 MP: 8/10
  1761 | D:3      | Found an ornate altar of the Wu Jian Council.
  1825 | D:3      | You fall through a shaft for 2 floors!
  1825 | D:5      | Entered Level 5 of the Dungeon
  1825 | D:5      | Noticed an ogre
  1826 | D:5      | oplop: !gods
  1826 | D:5      | oplop: ??god
  1826 | D:5      | beem: gods[1/3]: '?' '/' 'G' for a complete list (in game). Type "?? reasons" (in IRC) to get a list of reasons which might motivate you to worship that particular god.
  1826 | D:5      | oplop: ?
  1826 | D:5      | oplop: ?gods
  1831 | D:5      | Killed an ogre
  1831 | D:5      | Reached XP level 5. HP: 23/24 MP: 9/12
  1944 | D:5      | Noticed a slave
  1947 | D:5      | Noticed Pikel
  1948 | D:5      | Noticed a slave
  1949 | D:5      | Noticed a slave
  1949 | D:5      | Noticed a slave
  1954 | D:6      | Noticed an ice beast
  1995 | D:6      | Noticed a sky beast
  2001 | D:6      | Noticed Agrougrou's ghost (novice GnSk)
  2013 | D:6      | HP: 1/24 [bullfrog (6)]
  2015 | D:7      | Slain by a bullfrog

Skill      XL: |  1  2  3  4 |
---------------+-------------+-----
Spellcasting   | 3 4 |  4.2
Hexes          | 4 |  4.7
Short Blades   | |  0.8
Dodging        | |  1.5
Stealth        | |  3.6

Action                   |  1- 3 |  4- 6 || total
-------------------------+-------+-------++-------
Melee: Dagger            |    90 |    44 ||   134
       Bite              |     9 |    12 ||    21
 Cast: Corona            |     6 |       ||     6
       Ensorcelled Hiber |    12 |     7 ||    19
  Use: Scroll            |     3 |     3 ||     6
 Stab: Sleeping          |    12 |     5 ||    17
  Eat: Chunk             |     1 |     3 ||     4
Armor: Robe              |    19 |    20 ||    39
Dodge: Dodged            |    55 |    66 ||   121
